 Dungeon Sprint DCSS version 0.16.2-12-gd0ad4c3 (webtiles) character file.

2268 Ponchio the Destroyer (level 9, -7/59 HPs)
             Began as a Gargoyle Fire Elementalist on Sept 23, 2015.
             Was an Elder of Vehumet.
             Mangled by a draconian
             ... wielding a +2 antimagic glaive
              (9 damage)
             ... in the Dungeon (Sprint V: "Ziggurat Sprint").
             The game lasted 00:11:48 (638 turns).

Ponchio the Destroyer (Gargoyle Fire Elementalist)   Turns: 638, Time: 00:11:48

Health: -7/59      AC: 34    Str: 12    XL:     9   Next: 38%
Magic:  27/27      EV:  6    Int: 19    God:    Vehumet [****..]
Gold:   0          SH:  0    Dex: 27    Spells: 1 memorised, 27 levels left

rFire  + + .     SeeInvis .     L - +7 great mace "Firestarter" {flame, inner flame, rF++}
rCold  . . .     Clarity  .     K - +15 Maxwell's patent armour {-Cast -Tele rElec MR+ rCorr} (curse)
rNeg   + . .     SustAb   .     (no shield)
rPois  ∞         Gourm    .     (no helmet)
rElec  +         Spirit   .     (no cloak)
rCorr  +         Warding  .     (no gloves)
rMut   .         NoTele   +     (no boots)
MR     ++...     NoCast   +     N - amulet "Gyvaxoc" {+Rage MR+ Dex+5}
Stlth  ..........               A - +6 ring of dexterity
                                y - +6 ring of dexterity

@: very resistant to hostile enchantments, extremely unstealthy
A: negative energy resistance 1, electricity resistance, unbreathing,
petrification resistance, rot immunity, AC +5
a: Renounce Religion, Evoke Berserk Rage


You were in the Dungeon.
You worshipped Vehumet.
Vehumet was greatly pleased with you.
You were not hungry.

You visited 1 branch

Inventory:

Hand weapons
 J - the +6 Majin-Bo {vamp, Archmagi MP+6 Int+6}
   (You found it in the Dungeon)

   It inflicts no extra harm, but heals its wielder somewhat when it strikes a
   living foe.
   It affects your intelligence (+6).
   It affects your magic capacity (+6).
 L - the +7 great mace "Firestarter" (weapon) {flame, inner flame, rF++}
   (You found it in the Dungeon)

   It has been specially enchanted to burn those struck by it, causing extra
   injury to most foes and up to half again as much damage against particularly
   susceptible opponents.
   It greatly protects you from fire.
Armour
 a - a +0 robe
 K - the cursed +15 Maxwell's patent armour (worn) {-Cast -Tele rElec MR+ rCorr}
   (You found it in the Dungeon)

   It insulates you from electricity.
   It affects your resistance to hostile enchantments.
   It prevents spellcasting.
   It prevents most forms of teleportation.
   It protects you from acid and corrosion.
   It has a curse placed upon it.
 M - a +2 leather armour of fire resistance
Rods
 O - a +4 rod of destruction (12/12)
   (You took it off a draconian in the Dungeon)
Jewellery
 y - a +6 ring of dexterity (left hand)
 A - a +6 ring of dexterity (right hand)
 B - a +6 ring of intelligence
 C - a +6 ring of intelligence
 D - a +6 ring of strength
 E - a +6 ring of strength
 N - the amulet "Gyvaxoc" (around neck) {+Rage MR+ Dex+5}
   (You found it in the Dungeon)

   [amulet of rage]

   It affects your dexterity (+5).
   It affects your resistance to hostile enchantments.
   It lets you go berserk.
Magical devices
 F - a wand of disintegration (5)
 G - a wand of fire (5)
 H - a wand of cold (5)
 I - a wand of draining (1)
Scrolls
 i - 4 scrolls of blinking
 q - 4 scrolls of amnesia
 r - 3 scrolls of recharging
 s - 7 scrolls of fog
 t - a scroll of holy word
 u - 5 scrolls of identify
 v - 5 scrolls of remove curse
 w - 2 scrolls of fear
Potions
 d - 9 potions of curing
 e - 9 potions of heal wounds
 f - 6 potions of haste
 g - 7 potions of magic
 h - 3 potions of berserk rage
 j - 2 potions of brilliance
 k - 2 potions of invisibility
 l - 2 potions of restore abilities
 m - 4 potions of resistance
 o - 5 potions of agility
 p - 5 potions of might
Books
 b - a book of Flames

   Spells                             Type                      Level
   a - Flame Tongue                   Conjuration/Fire             1
   b - Throw Flame                    Conjuration/Fire             2
   c - Conjure Flame                  Conjuration/Fire             3
   d - Inner Flame                    Hexes/Fire                   3
   e - Sticky Flame                   Conjuration/Fire             4
   f - Fireball                       Conjuration/Fire             5
 n - the Handbook of Displaced Talismans
   (You found it in the Dungeon)

   Spells                             Type                      Level
   a - Repel Missiles                 Charms/Air                   2
   b - Sure Blade                     Hexes/Charms                 2
   c - Blink                          Translocation                2
   d - Recall                         Summoning/Translocation      3
   e - Warp Weapon                    Charms/Translocation         5
 P - a book of Unlife

   Spells                             Type                      Level
   a - Recall                         Summoning/Translocation      3
   b - Animate Dead                   Necromancy                   4
   c - Control Undead                 Necromancy                   4
   d - Cigotuvi's Embrace             Necromancy                   5
   e - Death Channel                  Necromancy                   6
   f - Simulacrum                     Ice/Necromancy               6
 Q - a book of Alchemy

   Spells                             Type                      Level
   a - Sublimation of Blood           Necromancy                   2
   b - Alistair's Intoxication        Transmutation/Poison         4
   c - Condensation Shield            Ice                          4
   d - Petrify                        Transmutation/Earth          4
   e - Ignite Poison                  Fire/Transmutation           5
   f - Irradiate                      Conjuration/Transmutation    5
Comestibles
 c - 5 bread rations
 x - 42 fruits
 z - 4 meat rations


   Skills:
 - Level 8.1 Fighting
 - Level 7.4 Maces & Flails
 - Level 8.1 Armour
 - Level 5.3 Dodging
 - Level 2.1 Stealth
 + Level 10.3 Spellcasting
 + Level 11.8 Conjurations
 - Level 3.0 Fire Magic


You had 27 spell levels left.
You knew the following spells:

 Your Spells              Type           Power        Failure   Level  Hunger
a - Flame Tongue          Conj/Fire      #####        11%         1    None


Dungeon Overview and Level Annotations

Branches:
Dungeon (1/1)

Altars:
Ashenzari
Cheibriados
Dithmenos
Elyvilon
Fedhas
Gozag
Kikubaaqudgha
Makhleb
Nemelex Xobeh
Okawaru
Qazlal
Ru
Sif Muna
Trog
Vehumet
Xom
Yredelemnul
Zin
The Shining One
Beogh
Jiyva
Lugonu


Innate Abilities, Weirdness & Mutations

You are resistant to torment.
You are immune to poison.
Your stone body is very resilient (AC +5).
You resist negative energy.
You are resistant to electric shocks.
You can survive without breathing.
You are immune to petrification.
You are immune to rotting.


Message History

The draconian is almost dead.
Your rod of destruction has recharged.
The draconian's inner flame fades away.
The draconian hits you but does no damage. x2
The draconian hits you with the +9 great mace of the Assorted Wonders {crush, MP+9}.
The purple draconian closely misses you.
The draconian hits you but does no damage.
You bludgeon the draconian!! You burn the draconian.
You kill the draconian!
Vehumet accepts your kill.
Vehumet offers you knowledge of Static Discharge.
You feel your power returning.
Your Spellcasting skill increases to level 10!
The draconian hits you but does no damage.
The draconian barely misses you.
The purple draconian breathes energy at you.
The bolt of dispelling energy hits you!
Ouch! That really hurt!
* * * LOW HITPOINT WARNING * * *
The draconian hits you from afar with a +2 antimagic glaive!
You die...

▓.....▓.....▓▓▓▓▓▓▓
▓▓▓▓▓▓▓▓▓▓▓▓▓▓▓▓▓▓
▓..8©8...▓..8©8...▓
▓...|)...▓...)"...▓
▓........▓..".)...▓
▓......%.▓........▓
▓........▓...d....▓
▓)▓)%..▓.▓d▓)d..▓.▓
▓.)......▓.@d.....▓
▓▓▓▓▓▓▓▓▓▓▓▓▓▓▓▓▓▓▓


You could see a purple draconian and 3 draconians.

Vanquished Creatures
  5 draconians (D)
  A black mamba (shapeshifter) (D)
  2 crimson imps (D)
  2 quasits (D)
  A shadow imp (D)
  A white imp (D)
  2 ufetubi (D)
14 creatures vanquished.

Notes
Turn   | Place    | Note
--------------------------------------------------------------
     0 | D        | Ponchio, the Gargoyle Fire Elementalist, began the quest for the Orb.
     0 | D        | Reached XP level 1. HP: 10/10 MP: 3/3
     0 | D        | Found a viscous altar of Jiyva.
     0 | D        | Found a corrupted altar of Lugonu.
     0 | D        | Found a white marble altar of Elyvilon.
     1 | D        | Found a burning altar of Makhleb.
     1 | D        | Found an iron altar of Okawaru.
     3 | D        | Found a sparkling altar of Nemelex Xobeh.
     3 | D        | Found a basalt altar of Yredelemnul.
     3 | D        | Found a deep blue altar of Sif Muna.
     3 | D        | Found a radiant altar of Vehumet.
     7 | D        | Found a bloodstained altar of Trog.
    35 | D        | Reached skill level 4 in Fighting
    35 | D        | Reached XP level 2. HP: 12/20 MP: 4/4
    39 | D        | Found a shimmering altar of Xom.
    47 | D        | Became a worshipper of Vehumet
   170 | D        | Entered arena 1.
   170 | D        | Noticed a black mamba
   175 | D        | Killed a black mamba
   175 | D        | Reached skill level 7 in Fighting
   175 | D        | Reached skill level 5 in Dodging
   175 | D        | Reached XP level 3. HP: 17/29 MP: 6/6
   175 | D        | Reached XP level 4. HP: 20/35 MP: 7/7
   175 | D        | Reached XP level 5. HP: 22/39 MP: 9/9
   175 | D        | Reached XP level 6. HP: 24/44 MP: 10/10
   284 | D        | Identified the Handbook of Displaced Talismans (You found it in the Dungeon)
   319 | D        | Entered arena 2.
   319 | D        | Noticed a crimson imp
   319 | D        | Noticed a quasit
   321 | D        | Killed a quasit
   321 | D        | Acquired Vehumet's first power
   321 | D        | Offered knowledge of Magic Dart by Vehumet.
   326 | D        | Killed a crimson imp
   326 | D        | Reached skill level 8 in Fighting
   441 | D        | Entered arena 3.
   441 | D        | Noticed a crimson imp
   441 | D        | Noticed a quasit
   444 | D        | Killed a quasit
   446 | D        | Killed a crimson imp
   446 | D        | Reached XP level 7. HP: 44/49 MP: 11/14
   447 | D        | Acquired Vehumet's second power
   480 | D        | Got the amulet "Gyvaxoc" {+Rage MR+ Dex+5}
   485 | D        | Entered arena 4.
   485 | D        | Noticed a draconian
   485 | D        | Noticed a draconian
   485 | D        | Noticed a draconian
   485 | D        | Noticed a draconian
   492 | D        | Identified a +4 rod of destruction (8/12)
   498 | D        | Killed a draconian
   498 | D        | Offered knowledge of Sting by Vehumet.
   504 | D        | Killed a draconian
   504 | D        | Reached XP level 8. HP: 24/54 MP: 19/23
   506 | D        | Killed a draconian
   506 | D        | Reached skill level 10 in Conjurations
   506 | D        | Killed a draconian
   506 | D        | Acquired Vehumet's third power
   506 | D        | Reached skill level 11 in Conjurations
   506 | D        | Reached XP level 9. HP: 39/59 MP: 27/27
   627 | D        | Entered arena 5.
   627 | D        | Noticed a draconian
   627 | D        | Noticed a draconian
   627 | D        | Noticed a draconian
   627 | D        | Noticed a purple draconian
   627 | D        | Noticed a draconian
   638 | D        | Killed a draconian
   638 | D        | Offered knowledge of Static Discharge by Vehumet.
   638 | D        | Reached skill level 10 in Spellcasting
   638 | D        | HP: 2/59 [purple draconian/bolt of dispelling energy (38)]
   638 | D        | Mangled by a draconian

Action                   |  1- 3 |  4- 6 |  7- 9 || total
-------------------------+-------+-------+-------++-------
Melee: Great mace        |     4 |     9 |    21 ||    34
Evoke: Wand              |       |       |     6 ||     6
  Use: Potion            |     2 |       |     1 ||     3
